TOP OF THE 1ST |
Gilbert Fire Fighters batting - Pitching for Coronado Eclipse : RHP Harvey Taylor
|
Pitching: RHP Harvey Taylor
|
|
Batting: RHB Ramón Maldonado
|
0-0: Swinging Strike 0-1: Foul Ball, location: 2F 0-2: Strikes out looking
|
Batting: SHB José Salazar
|
0-0: Ground out 4-3 (Groundball, 4)
|
Batting: LHB Mark Sanders
|
0-0: SINGLE (Line Drive, 4M)
|
Batting: RHB Bill Salinas
|
0-0: Ball 1-0: Foul Ball, location: 2F 1-1: Foul Ball, location: 2F 1-2: Ball 2-2: Foul Ball, location: 2F 2-2: Foul Ball, location: 2F 2-2: SINGLE (Line Drive, 8RS) Mark Sanders to second
|
Batting: LHB Matt Moore
|
0-0: Ball 1-0: Ball 2-0: Called Strike 2-1: Foul Ball, location: 2F 2-2: Hit by Pitch Mark Sanders to third Bill Salinas to second
|
Batting: RHB Iván Romero
|
0-0: Called Strike 0-1: Ball 1-1: Ball 2-1: SINGLE (Groundball, 56D) Mark Sanders scores Bill Salinas to third Matt Moore to second Throwing error, E7 Bill Salinas scores Matt Moore to third Iván Romero to second
|
Batting: RHB Alfonso Santiago
|
0-0: Called Strike 0-1: Swinging Strike 0-2: Strikes out looking
|
Top of the 1st over - 2 run(s), 3 hit(s), 1 error(s), 2 left on base; Gilbert 2 - Coronado 0 |
BOTTOM OF THE 1ST |
Coronado Eclipse batting - Pitching for Gilbert Fire Fighters : RHP Ángel Rodríguez
|
Pitching: RHP Ángel Rodríguez
|
|
Batting: RHB Felipe Hernández
|
0-0: DOUBLE (Flyball, 9)
|
Batting: RHB Javier Hernández
|
0-0: Ball 1-0: Called Strike 1-1: Fly out, F4 (Line Drive, 4)
|
Batting: RHB Luis López
|
0-0: Ball 1-0: Ground out 6-3 (Groundball, 6) Felipe Hernández to third
|
Batting: LHB Julián Díaz
|
0-0: Called Strike 0-1: Ball 1-1: DOUBLE (Line Drive, 89XD) Felipe Hernández scores
|
Batting: RHB Júlio Núńez
|
0-0: Ball 1-0: Fly out, F4 (Popup, 34D)
|
Bottom of the 1st over - 1 run(s), 2 hit(s), 0 error(s), 1 left on base; Gilbert 2 - Coronado 1 |
TOP OF THE 2ND |
Gilbert Fire Fighters batting - Pitching for Coronado Eclipse : RHP Harvey Taylor
|
Batting: RHB Jesús Acosta
|
0-0: Called Strike 0-1: Ball 1-1: Swinging Strike 1-2: Strikes out swinging
|
Batting: RHB Robbie Hopps
|
0-0: Foul Ball, location: 2F 0-1: Ground out 1-3 (Groundball, P)
|
Batting: RHB Ramón Maldonado
|
0-0: Foul Ball, location: 2F 0-1: Ball 1-1: Ball 2-1: Fly out, F7 (Flyball, 7LMF)
|
Top of the 2nd over - 0 run(s), 0 hit(s), 0 error(s), 0 left on base; Gilbert 2 - Coronado 1 |
BOTTOM OF THE 2ND |
Coronado Eclipse batting - Pitching for Gilbert Fire Fighters : RHP Ángel Rodríguez
|
Batting: RHB Phil Martin
|
0-0: Ball 1-0: Swinging Strike 1-1: Ball 2-1: Swinging Strike 2-2: Ball 3-2: Foul Ball, location: 2F 3-2: Strikes out looking
|
Batting: RHB Danny Scott
|
0-0: Called Strike 0-1: Swinging Strike 0-2: Ball 1-2: SINGLE (Line Drive, 56D)
|
Batting: RHB Jesús Pérez
|
0-0: Called Strike Danny Scott steals 2nd base 0-1: Called Strike 0-2: Ball 1-2: Ground out 5-3 (Groundball, 5)
|
Batting: RHB Bill Petty
|
0-0: Ground out 4-3 (Groundball, 4)
|
Bottom of the 2nd over - 0 run(s), 1 hit(s), 0 error(s), 1 left on base; Gilbert 2 - Coronado 1 |
TOP OF THE 3RD |
Gilbert Fire Fighters batting - Pitching for Coronado Eclipse : RHP Harvey Taylor
|
Batting: SHB José Salazar
|
0-0: Called Strike 0-1: Ball 1-1: Foul Ball, location: 2F 1-2: Ground out 4-3 (Groundball, 4D)
|
Batting: LHB Mark Sanders
|
0-0: Called Strike 0-1: Foul Ball, location: 2F 0-2: Ball 1-2: Strikes out swinging
|
Batting: RHB Bill Salinas
|
0-0: Ground out U3 (Groundball, 34)
|
Top of the 3rd over - 0 run(s), 0 hit(s), 0 error(s), 0 left on base; Gilbert 2 - Coronado 1 |
BOTTOM OF THE 3RD |
Coronado Eclipse batting - Pitching for Gilbert Fire Fighters : RHP Ángel Rodríguez
|
Batting: RHB Felipe Hernández
|
0-0: Ball 1-0: Called Strike 1-1: Swinging Strike 1-2: Foul Ball, location: 2F 1-2: Strikes out swinging
|
Batting: RHB Javier Hernández
|
0-0: Ball 1-0: Foul Ball, location: 2F 1-1: Ball 2-1: Called Strike 2-2: Reached on error, E4 (Groundball, 4)
|
Batting: RHB Luis López
|
0-0: Grounds into double play, 4-6-3 (Groundball, 34)
|
Bottom of the 3rd over - 0 run(s), 0 hit(s), 1 error(s), 0 left on base; Gilbert 2 - Coronado 1 |
TOP OF THE 4TH |
Gilbert Fire Fighters batting - Pitching for Coronado Eclipse : RHP Harvey Taylor
|
Batting: LHB Matt Moore
|
0-0: Called Strike 0-1: Ball 1-1: Ball 2-1: Ball 3-1: Base on Balls
|
Batting: RHB Iván Romero
|
0-0: Ball 1-0: Called Strike 1-1: DOUBLE (Flyball, 9LM) Matt Moore to third
|
Batting: RHB Alfonso Santiago
|
0-0: Called Strike 0-1: DOUBLE (Line Drive, 7LM) Matt Moore scores Iván Romero scores
|
Batting: RHB Jesús Acosta
|
0-0: Ball 1-0: Called Strike 1-1: Foul Ball, location: 2F 1-2: Strikes out swinging
|
Batting: RHB Robbie Hopps
|
0-0: Ball 1-0: Ground out 5-3 (Groundball, 56)
|
Batting: RHB Ramón Maldonado
|
0-0: Ball 1-0: Ground out 3-1 (Groundball, 23)
|
Top of the 4th over - 2 run(s), 2 hit(s), 0 error(s), 1 left on base; Gilbert 4 - Coronado 1 |
BOTTOM OF THE 4TH |
Coronado Eclipse batting - Pitching for Gilbert Fire Fighters : RHP Ángel Rodríguez
|
Batting: LHB Julián Díaz
|
0-0: Ball 1-0: SINGLE (Groundball, 34D)
|
Batting: RHB Júlio Núńez
|
0-0: Ball 1-0: SINGLE (Groundball, 4D) Julián Díaz to second Runner from 2nd tries for 3rd, SAFE, throw made to third Júlio Núńez to second
|
Batting: RHB Phil Martin
|
0-0: Fly out, F9 (Flyball, 89M) Runner from 3rd tags up, SCORES, throw made
|
Batting: RHB Danny Scott
|
0-0: Ground out 6-3 (Groundball, 6)
|
Batting: RHB Jesús Pérez
|
0-0: Ball 1-0: Swinging Strike 1-1: Ball 2-1: SINGLE (Groundball, 6MS) (infield hit) Júlio Núńez to third
|
Batting: RHB Bill Petty
|
0-0: Ball Throwing error on steal attempt, E2 Júlio Núńez scores Jesús Pérez to third 1-0: Ball 2-0: Foul Ball, location: 2F 2-1: Called Strike 2-2: Reached on error, E7 (Flyball, 7) Jesús Pérez scores
|
Batting: RHB Felipe Hernández
|
0-0: Ball 1-0: Ball 2-0: Called Strike 2-1: Ball 3-1: Base on Balls
|
Batting: RHB Javier Hernández
|
0-0: SINGLE (Groundball, 56D) Bill Petty to third Felipe Hernández to second Runner from 3rd tries for Home, SAFE, no throw
|
Batting: RHB Luis López
|
0-0: Fly out, F7 (Flyball, 78S)
|
Bottom of the 4th over - 4 run(s), 4 hit(s), 2 error(s), 2 left on base; Gilbert 4 - Coronado 5 |
TOP OF THE 5TH |
Gilbert Fire Fighters batting - Pitching for Coronado Eclipse : RHP Harvey Taylor
|
Batting: SHB José Salazar
|
0-0: Ball 1-0: Foul Ball, location: 2F 1-1: Called Strike 1-2: Ball 2-2: Fly out, F8 (Flyball, 8LM)
|
Batting: LHB Mark Sanders
|
0-0: Ground out 6-3 (Groundball, 6S)
|
Batting: RHB Bill Salinas
|
0-0: Called Strike 0-1: Foul Ball, location: 2F 0-2: Ball 1-2: Ball 2-2: Foul Ball, location: 2F 2-2: Fly out, F7 (Line Drive, 78M)
|
Top of the 5th over - 0 run(s), 0 hit(s), 0 error(s), 0 left on base; Gilbert 4 - Coronado 5 |
BOTTOM OF THE 5TH |
Coronado Eclipse batting - Pitching for Gilbert Fire Fighters : RHP Ángel Rodríguez
|
Batting: LHB Julián Díaz
|
0-0: Called Strike 0-1: Fly out, F7 (Flyball, 7S)
|
Batting: RHB Júlio Núńez
|
0-0: Ball 1-0: Ball 2-0: Fly out, F2 (Popup, 2R)
|
Batting: RHB Phil Martin
|
0-0: Ball 1-0: Called Strike 1-1: Ball 2-1: SINGLE (Flyball, 8RS)
|
Batting: RHB Danny Scott
|
0-0: Fielders Choice at 2nd, 6-4 (Groundball, 6)
|
Bottom of the 5th over - 0 run(s), 1 hit(s), 0 error(s), 0 left on base; Gilbert 4 - Coronado 5 |
TOP OF THE 6TH |
Gilbert Fire Fighters batting - Pitching for Coronado Eclipse : RHP Harvey Taylor
|
Batting: LHB Matt Moore
|
0-0: Called Strike 0-1: Ball 1-1: Swinging Strike 1-2: Ball 2-2: Ball 3-2: SINGLE (Groundball, 4MD)
|
Batting: RHB Iván Romero
|
0-0: Ball 1-0: Grounds into double play, 4-6-3 (Groundball, 4)
|
Batting: RHB Alfonso Santiago
|
0-0: Ball 1-0: Called Strike 1-1: Called Strike 1-2: Ball 2-2: Foul Ball, location: 2F 2-2: Strikes out looking
|
Top of the 6th over - 0 run(s), 1 hit(s), 0 error(s), 0 left on base; Gilbert 4 - Coronado 5 |
BOTTOM OF THE 6TH |
Coronado Eclipse batting - Pitching for Gilbert Fire Fighters : RHP Ángel Rodríguez
|
Batting: RHB Jesús Pérez
|
0-0: Ball 1-0: Called Strike 1-1: Called Strike 1-2: Ball 2-2: Ball 3-2: SINGLE (Line Drive, 78S)
|
Batting: RHB Bill Petty
|
0-0: Called Strike Jesús Pérez steals 2nd base 0-1: Ball 1-1: Swinging Strike 1-2: Ground out U3 (Groundball, 3S) Jesús Pérez to third
|
Batting: RHB Felipe Hernández
|
0-0: Ball 1-0: Ball 2-0: Foul Ball, location: 2F 2-1: Foul Ball, location: 2F 2-2: Ball 3-2: Strikes out looking
|
Pitching: RHP Edgardo Castillo
|
|
Batting: RHB Javier Hernández
|
0-0: Called Strike 0-1: Ball 1-1: Called Strike 1-2: Foul Ball, location: 2F 1-2: Foul Ball, location: 2F 1-2: Ball 2-2: Ground out 6-3 (Groundball, 56)
|
Bottom of the 6th over - 0 run(s), 1 hit(s), 0 error(s), 1 left on base; Gilbert 4 - Coronado 5 |
TOP OF THE 7TH |
Gilbert Fire Fighters batting - Pitching for Coronado Eclipse : RHP Harvey Taylor
|
Pitching: RHP Dave Weeks
|
|
Batting: RHB Jesús Acosta
|
0-0: Foul Ball, location: 2F 0-1: Swinging Strike 0-2: Ball 1-2: Foul Ball, location: 2F 1-2: Foul Ball, location: 2F 1-2: Strikes out looking
|
Batting: RHB Robbie Hopps
|
0-0: Ball 1-0: Ball 2-0: Called Strike 2-1: Fly out, F4 (Popup, 4)
|
Batting: RHB Ramón Maldonado
|
0-0: Fly out, F9 (Flyball, 89S)
|
Top of the 7th over - 0 run(s), 0 hit(s), 0 error(s), 0 left on base; Gilbert 4 - Coronado 5 |
BOTTOM OF THE 7TH |
Coronado Eclipse batting - Pitching for Gilbert Fire Fighters : RHP Edgardo Castillo
|
Batting: RHB Luis López
|
0-0: Ball 1-0: Swinging Strike 1-1: Ground out 4-3 (Groundball, 34)
|
Batting: LHB Julián Díaz
|
0-0: Hit by Pitch
|
Batting: RHB Júlio Núńez
|
0-0: SINGLE (Groundball, 56S) (infield hit) Julián Díaz to second
|
Batting: RHB Phil Martin
|
0-0: Called Strike 0-1: Ball 1-1: Foul Ball, location: 2F 1-2: Strikes out swinging
|
Pinch Hitting: RHB Ramón Sánchez
|
0-0: Ball 1-0: SINGLE (Flyball, 78S) Julián Díaz to third Júlio Núńez to second
|
Batting: RHB Jesús Pérez
|
0-0: Ball 1-0: Foul Ball, location: 2F 1-1: Foul Ball, location: 2F 1-2: Foul Ball, location: 2F 1-2: SINGLE (Line Drive, 7S) Julián Díaz scores Júlio Núńez to third Ramón Sánchez to second
|
Batting: RHB Bill Petty
|
0-0: Swinging Strike 0-1: Ball 1-1: Ground out U3 (Groundball, 3S)
|
Bottom of the 7th over - 1 run(s), 3 hit(s), 0 error(s), 3 left on base; Gilbert 4 - Coronado 6 |
TOP OF THE 8TH |
Gilbert Fire Fighters batting - Pitching for Coronado Eclipse : RHP Dave Weeks
|
Now in RF: Ramón Sánchez
|
|
Batting: SHB José Salazar
|
0-0: Foul Ball, location: 2F 0-1: Swinging Strike 0-2: Foul Ball, location: 2F 0-2: Strikes out looking
|
Batting: LHB Mark Sanders
|
0-0: Ball 1-0: Ball 2-0: Called Strike 2-1: Called Strike 2-2: Fly out, F7 (Flyball, 78S)
|
Batting: RHB Bill Salinas
|
0-0: Ball 1-0: Ball 2-0: Called Strike 2-1: SINGLE (Line Drive, 7S)
|
Pitching: LHP Luis Rincón
|
|
Batting: LHB Matt Moore
|
0-0: Called Strike 0-1: Foul Ball, location: 2F 0-2: Fielders Choice at 2nd, 4-6 (Groundball, 4)
|
Top of the 8th over - 0 run(s), 1 hit(s), 0 error(s), 0 left on base; Gilbert 4 - Coronado 6 |
BOTTOM OF THE 8TH |
Coronado Eclipse batting - Pitching for Gilbert Fire Fighters : RHP Edgardo Castillo
|
Pitching: RHP Jorge Álvarez
|
|
Batting: RHB Felipe Hernández
|
0-0: Fly out, F7 (Flyball, 7)
|
Batting: RHB Javier Hernández
|
0-0: Called Strike 0-1: Foul Ball, location: 2F 0-2: Ball 1-2: Ball 2-2: Foul Ball, location: 2F 2-2: Ground out 1-3 (Groundball, 15)
|
Batting: RHB Luis López
|
0-0: Called Strike 0-1: Ball 1-1: SINGLE (Groundball, 6MD)
|
Batting: LHB Julián Díaz
|
0-0: Ball 1-0: Ball 2-0: Called Strike 2-1: Ball 3-1: Foul Ball, location: 2F 3-2: Fly out, F4 (Line Drive, 4)
|
Bottom of the 8th over - 0 run(s), 1 hit(s), 0 error(s), 1 left on base; Gilbert 4 - Coronado 6 |
TOP OF THE 9TH |
Gilbert Fire Fighters batting - Pitching for Coronado Eclipse : LHP Luis Rincón
|
Pitching: RHP Bob Thompson
|
|
Batting: RHB Iván Romero
|
0-0: Foul Ball, location: 2F 0-1: Called Strike 0-2: Ball 1-2: Foul Ball, location: 2F 1-2: Strikes out looking
|
Batting: RHB Alfonso Santiago
|
0-0: Called Strike 0-1: Called Strike 0-2: Ball 1-2: Ball 2-2: Ball 3-2: Strikes out swinging
|
Batting: RHB Jesús Acosta
|
0-0: Ball 1-0: Ball 2-0: Foul Ball, location: 2F 2-1: Foul Ball, location: 2F 2-2: Foul Ball, location: 2F 2-2: Strikes out swinging
|
Top of the 9th over - 0 run(s), 0 hit(s), 0 error(s), 0 left on base; Gilbert 4 - Coronado 6 |
|